 Dungeon Crawl Stone Soup version 0.17.1-3-g152610e (webtiles) character file.

1758 Redz the Conjurer (level 9, -2/53 HPs)
             Began as a Gargoyle Conjurer on Feb 19, 2016.
             Was an Initiate of Sif Muna.
             Slain by an orc warrior
             ... wielding a +0 glaive
              (10 damage)
             ... on level 6 of the Dungeon.
             The game lasted 00:40:21 (4803 turns).

Redz the Conjurer (Gargoyle Conjurer)               Turns: 4803, Time: 00:40:21

Health: -2/53      AC: 12    Str: 15    XL:     9   Next: 6%
Magic:  9/23       EV: 14    Int: 19    God:    Sif Muna [......]
Gold:   229        SH:  0    Dex: 16    Spells: 3 memorised, 9 levels left

rFire  . . .     SeeInvis .     B - +11 quarterstaff "Egoemun" {crush, Stlth+}
rCold  + . .     Clarity  .     x - +2 robe {rN+}
rNeg   + + .     SustAt   .     (shield currently unavailable)
rPois  ∞         Gourm    .     k - +0 helmet
rElec  +         Spirit   .     (no cloak)
rCorr  .         Warding  .     (no gloves)
rMut   .         Stasis   .     e - +0 pair of boots
MR     .....                    (no amulet)
Stlth  ++++......               z - ring of protection from cold
                                E - ring "Kurom" {MP+9 Str+2 Dex+5}

@: not resistant to hostile enchantments, stealthy
A: clever 1, negative energy resistance 1, electricity resistance, unbreathing,
evolution 1, petrification resistance, rot immunity, AC +5
a: Renounce Religion


You were on level 6 of the Dungeon.
You worshipped Sif Muna.
Sif Muna was noncommittal.
You were not hungry.

You visited 1 branch of the dungeon, and saw 6 of its levels.
You also visited: Ossuary.

You collected 319 gold pieces.
You spent 90 gold pieces at shops.

Inventory:

Hand Weapons
 s - a +1 mace
 B - the +11 quarterstaff "Egoemun" (weapon) {crush, Stlth+}
   (You found it on level 4 of the Dungeon)

   It inflicts extra damage upon your enemies.
   It makes you more stealthy.
Armour
 e - a +0 pair of boots (worn)
 k - a +0 helmet (worn)
 l - a +1 leather armour
 t - a +0 buckler
 x - a +2 robe of positive energy (worn)
Jewellery
 a - the ring of Nairghe {Str+4 Stlth-}
   (You found it on level 5 of the Dungeon)

   [ring of loudness]

   It affects your strength (+4).
   It makes you less stealthy.
 f - an uncursed ring of protection from magic {unknown}
 q - a cursed +6 ring of protection {unknown}
 y - an uncursed amulet of regeneration {unknown}
 z - a ring of protection from cold (right hand)
 E - the ring "Kurom" (left hand) {MP+9 Str+2 Dex+5}
   (You found it in an ossuary)

   [ring of magical power]

   It affects your strength (+2).
   It affects your dexterity (+5).
   It affects your magic capacity (+9).
Wands
 h - a wand of paralysis (24)
Scrolls
 d - a scroll of teleportation
 g - 2 scrolls of identify
 n - 2 scrolls of enchant armour
 v - a scroll of amnesia
 C - a scroll of enchant weapon
Potions
 j - a potion of flight
 o - 2 potions of curing
 p - a potion of haste {unknown}
 r - 3 potions of berserk rage {unknown}
 u - 5 potions of lignification {unknown}
 A - a potion of cancellation {unknown}
 D - a potion of might {unknown}
Books
 b - a book of Conjurations

   Spells                             Type                      Level
   a - Magic Dart                     Conjuration                  1
   b - Searing Ray                    Conjuration                  2
   c - Dazzling Spray                 Conjuration/Hexes            3
   d - Fulminant Prism                Conjuration/Hexes            4
   e - Iskenderun's Mystic Blast      Conjuration                  4
   f - Iskenderun's Battlesphere      Conjuration/Charms           5
 i - a book of Ice

   Spells                             Type                      Level
   a - Ice Form                       Ice/Transmutation            4
   b - Metabolic Englaciation         Hexes/Ice                    5
   c - Ozocubu's Refrigeration        Ice                          6
   d - Bolt of Cold                   Conjuration/Ice              6
   e - Freezing Cloud                 Conjuration/Ice/Air          6
   f - Simulacrum                     Ice/Necromancy               6
Comestibles
 c - 2 bread rations
 m - 2 meat rations
 w - 2 beef jerkies


   Skills:
 + Level 4.9 Fighting
 - Level 1.0(3.2) Maces & Flails
 + Level 5.0(5.1) Staves
 + Level 4.1 Armour
 + Level 3.8 Dodging
 + Level 4.5 Stealth
 + Level 0.7 Shields
 + Level 3.8 Spellcasting
 + Level 6.0 Conjurations
 + Level 1.0 Invocations


You had 9 spell levels left.
You knew the following spells:

 Your Spells              Type           Power        Failure   Level  Hunger
a - Magic Dart            Conj           ####         1%          1    None
b - Searing Ray           Conj           ####..       1%          2    ##.....
c - Dazzling Spray        Conj/Hex       ###.....     14%         3    ###....


Dungeon Overview and Level Annotations

Branches:
Dungeon (6/15)             Temple (0/1) D:6

Altars:
Nemelex Xobeh
Sif Muna
Trog
Zin


Innate Abilities, Weirdness & Mutations

You are resistant to torment.
Your stone body is resilient (AC +5).
You are immune to poison.
You resist negative energy.
You are resistant to electric shocks.
You can survive without breathing.
You are immune to petrification.
You are immune to rotting.
Your mind is acute. (Int +2)
You evolve.


Message History

The orc warrior is heavily wounded.
The orc warrior hits you but does no damage.
The orc warrior hits you but does no damage.
You barely miss the orc warrior.
The orc warrior is heavily wounded.
You hit the orc warrior but do no damage.
The orc warrior is heavily wounded.
The orc warrior hits you with a glaive!!
You hit the orc warrior.
The orc warrior is severely wounded.
The orc warrior hits you with a glaive!!
* * * LOW HITPOINT WARNING * * *
Casting: Searing Ray
Confirm with . or Enter, or press ? or * to list all spells.
Okay, then.
Read which item? (? for menu, Esc to quit)
Okay, then.
Drink which item? (? for menu, Esc to quit)
You feel better. The orc warrior hits you with a glaive!
You die...

..#.#.#...#.....####
######.#.#..............###
...........#...........)...
...................=.>#.##
..)..........####.###.#
#.#.#...###.....#.# #
#.#.#........<..#.###.#
....#....####.#.#)....#
...............)@.....#
...)#...#####...#o....#
........# #...#.....#
..####..# #...#.....#
#)####..# #...#.......
#.#.....# #...#........
#.).....# #..<.........
###.#.#.# #...##......
....(.#.#####..........


You could see an orc warrior.

Vanquished Creatures
  Duvessa (D:6)
  A phantom (D:4)
  2 ice beasts
  Dowan (D:6)
  9 scorpions (Ossuary)
  5 wights (D:5)
  3 crimson imps
  2 giant frog skeletons (D:5)
  2 centaur zombies (Ossuary)
  A human zombie (Ossuary)
  2 orc priests
  2 iguanas
  A worker ant (D:5)
  An orc wizard (D:4)
  5 big kobold zombies (Ossuary)
  3 mummies (Ossuary)
  2 adders
  3 scorpion zombies (Ossuary)
  An ooze (D:2)
  3 orcs
  A ball python (D:6)
  A giant cockroach (D:2)
  2 gnoll zombies (Ossuary)
  6 hobgoblins
  5 jackals
  3 kobolds (D:1)
  3 quokkas
  11 bats
  4 giant geckos
  5 giant newts
  7 goblins
  5 goblin zombies
  A hobgoblin zombie (Ossuary)
  2 kobold zombies (Ossuary)
  2 orc zombies (Ossuary)
  4 rats
112 creatures vanquished.

Vanquished Creatures (others)
  2 scorpions (Ossuary)
2 creatures vanquished.

Grand Total: 114 creatures vanquished

Notes
Turn   | Place    | Note
--------------------------------------------------------------
     0 | D:1      | Redz the Gargoyle Conjurer began the quest for the Orb.
     0 | D:1      | Reached XP level 1. HP: 10/10 MP: 3/3
   505 | D:1      | Reached XP level 2. HP: 13/16 MP: 0/5
  1008 | D:2      | Learned a level 2 spell: Searing Ray
  1094 | D:2      | Reached skill level 1 in Fighting
  1134 | D:2      | Found a deep blue altar of Sif Muna.
  1140 | D:2      | Became a worshipper of Sif Muna the Loreminder
  1247 | D:2      | Reached XP level 3. HP: 20/20 MP: 1/6
  1357 | D:2      | Found a sparkling altar of Nemelex Xobeh.
  1800 | D:3      | Reached skill level 1 in Armour
  1800 | D:3      | Reached XP level 4. HP: 24/26 MP: 3/7
  2406 | D:4      | Found a bloodstained altar of Trog.
  2435 | D:4      | Got an ichor-stained quarterstaff
  2516 | D:3      | Gained mutation: You evolve. [potion of beneficial mutation]
  2520 | D:3      | Identified the +11 quarterstaff "Egoemun" {crush, Stlth+} (You found it on level 4 of the Dungeon)
  2535 | D:3      | Learned a level 3 spell: Dazzling Spray
  2765 | D:4      | Reached XP level 5. HP: 23/30 MP: 6/8
  2767 | D:4      | Reached skill level 1 in Staves
  2826 | D:4      | Noticed a phantom
  2839 | D:4      | Killed a phantom
  2839 | D:4      | Reached skill level 5 in Conjurations
  2839 | D:4      | Reached XP level 6. HP: 18/36 MP: 6/10
  3290 | D:5      | Entered Level 5 of the Dungeon
  3315 | D:5      | Found Zin's Purification Station.
  3316 | D:5      | Got a brightly glowing ivory ring
  3321 | D:5      | Found a glowing silver altar of Zin.
  3391 | D:5      | Bought a potion of curing for 90 gold pieces
  3460 | D:5      | Reached XP level 7. HP: 41/41 MP: 9/11
  3789 | D:6      | Found a staircase to the Ecumenical Temple.
  3803 | D:6      | Found a sand-covered staircase.
  3821 | Ossuary  | Entered an ossuary
  3847 | Ossuary  | Reached skill level 1 in Maces & Flails
  4071 | Ossuary  | Reached XP level 8. HP: 40/48 MP: 10/12
  4293 | Ossuary  | Gained mutation: Your mind is acute. (Int +2) [evolution]
  4466 | Ossuary  | Got a flickering jade ring
  4659 | D:6      | Noticed Duvessa
  4668 | D:6      | Killed Duvessa
  4668 | D:6      | Reached skill level 5 in Staves
  4668 | D:6      | Reached skill level 6 in Conjurations
  4668 | D:6      | Reached skill level 1 in Invocations
  4668 | D:6      | Reached XP level 9. HP: 50/53 MP: 4/14
  4745 | D:6      | Identified the ring of Nairghe {Str+4 Stlth-} (You found it on level 5 of the Dungeon)
  4746 | D:6      | Identified the ring "Kurom" {MP+9 Str+2 Dex+5} (You found it in an ossuary)
  4766 | D:6      | Noticed Dowan
  4779 | D:6      | Killed Dowan
  4803 | D:6      | Slain by an orc warrior

Action                   |  1- 3 |  4- 6 |  7- 9 || total
-------------------------+-------+-------+-------++-------
Melee: Club              |    41 |       |       ||    41
       Mace              |    14 |    19 |       ||    33
       Quarterstaff      |       |    22 |   123 ||   145
 Cast: Magic Dart        |    52 |    31 |    35 ||   118
       Searing Ray       |     3 |     8 |    13 ||    24
       Dazzling Spray    |       |       |     2 ||     2
  Use: Scroll            |       |    10 |     7 ||    17
       Potion            |       |     8 |     1 ||     9
 Stab: Sleeping          |     2 |       |     5 ||     7
       Invisible         |       |       |     1 ||     1
  Eat: Chunk             |     4 |     6 |     2 ||    12
       Fruit             |       |       |     1 ||     1
       Pizza             |       |       |     1 ||     1
